cohdb
Replays
Latest Replays
All Replays
Popular Replays
Top Player Replays
Match Explorer
How It Works
Community
CoH3 Stats
Reddit
Sign in to upload your games and track your stats! →
Sign in with Steam
Match 44150935
Unlisted
Match 44150935
Overview
Messages
Build Orders
End
Scout Squad
Construct Barracks
Selects Advanced Infantry Battlegroup
Riflemen Squad
M1 Mortar Team
Riflemen Squad
Air Support Center
Selects Convert to Ranger Squad
M1918 Browning Automatic Rifles
Ranger Squad
Selects Artillery Observers
P-47 Strafing Run
Grasshopper Recon Run
P-47 Dive Bomb
Double Sortie
Construct Medical Station
P-47 Strafing Run
Selects Frontline Medical Station
Frontline Medical Station
Grasshopper Recon Run
P-47 Strafing Run
P-47 Dive Bomb
P-47 Strafing Run
Grasshopper Recon Run
Construct Tank Depot
云墨
minaamiel3
qorghvkdlxj3
BBzRare
Sisman
King Raptor
SHELDONATOR
c现实失败者只能游戏开挂找优越感了
0
0
Comments
sign in to comment!
No comments posted yet!